PAA
WESTWOOD SIXSHOOTERS @ AKRON BLIMPS
08/08/2042
 
TOP OF THE 1ST
Westwood Sixshooters batting - Pitching for Akron Blimps : RHP Leonardo Sánchez
Pitching: RHP Leonardo Sánchez
Batting: LHB Derek Kelly 0-0: Called Strike
0-1: Called Strike
0-2: Ball
1-2: Ball
2-2: Foul Ball, location: 2F
2-2: Foul Ball, location: 2F
2-2: Ball
3-2: Foul Ball, location: 2F
3-2: SINGLE (Line Drive, 8LS, EV 93.8 MPH)
Batting: SHB William Anderson 0-0: Called Strike
0-1: Ball
1-1: Ball
2-1: Foul Ball, location: 2F
2-2: Foul Ball, location: 2F
2-2: Ball
3-2: Foul Ball, location: 2F
3-2: Base on Balls
Derek Kelly to second
Batting: RHB Illarion Podmarkov 0-0: Ball
1-0: Ball
2-0: Called Strike
2-1: Grounds into double play, 4-6-3 (Groundball, 4, EV 80.6 MPH)
Derek Kelly to third
Batting: LHB Rick Kirkham 0-0: Called Strike
0-1: Ball
1-1: Ball
Wild Pitch!
Derek Kelly scores
2-1: Swinging Strike
2-2: Ball
3-2: SINGLE (Groundball, 4MD, EV 103.8 MPH)
Batting: LHB Luis Benítez 0-0: Ball
1-0: Called Strike
1-1: Ball
2-1: Ball
3-1: Base on Balls
Rick Kirkham to second
Batting: RHB Slavik Akentiev 0-0: Foul Ball, location: 2F
0-1: Swinging Strike
0-2: Ground out 1-3 (Groundball, 34S, EV 69.4 MPH)
Top of the 1st over - 1 run, 2 hits, 0 errors, 2 left on base; Westwood 1 - Akron 0
BOTTOM OF THE 1ST
Akron Blimps batting - Pitching for Westwood Sixshooters : RHP Raúl Reyes
Pitching: RHP Raúl Reyes
Batting: LHB Steve Chittick 0-0: Foul Ball, location: 2F
0-1: Called Strike
0-2: Ball
1-2: SINGLE (Groundball, 56, EV 94.4 MPH)
Batting: RHB Alohinani Puanani 0-0: Ball
1-0: Foul Ball, location: 2F
1-1: Foul Ball, location: 2F
1-2: Ball
2-2: Ball
3-2: Base on Balls
Steve Chittick to second
Batting: RHB Jeff Camp 0-0: Ball
1-0: Foul Ball, location: 2F
1-1: Foul Ball, location: 2F
1-2: Ball
2-2: Ball
3-2: SINGLE (Groundball, 6M, EV 105.6 MPH) (infield hit)
Steve Chittick to third
Alohinani Puanani to second
Batting: LHB Numberto Pencíl 0-0: Ball
1-0: Ball
2-0: Called Strike
2-1: Foul Ball, location: 2F
2-2: Foul Ball, location: 2F
2-2: Strikes out looking
Batting: LHB Octávio Obezo 0-0: SINGLE (Line Drive, 6D, EV 98.1 MPH)
Steve Chittick scores
Alohinani Puanani to third
Jeff Camp to second
Batting: RHB Dave Hill 0-0: Fly out, F7 (Flyball, 7D, EV 85.0 MPH)
Runner from 3rd tags up, OUT at HOME! 7-2
Bottom of the 1st over - 1 run, 3 hits, 0 errors, 2 left on base; Westwood 1 - Akron 1
TOP OF THE 2ND
Westwood Sixshooters batting - Pitching for Akron Blimps : RHP Leonardo Sánchez
Batting: RHB John Siddall 0-0: Ball
1-0: Ball
2-0: Ball
3-0: Called Strike
3-1: Called Strike
3-2: Ground out 3-1 (Groundball, 34, EV 76.2 MPH)
Batting: RHB Hisashi Koumura 0-0: Called Strike
0-1: Ball
1-1: Called Strike
1-2: SINGLE (Groundball, 5S, EV 69.4 MPH) (infield hit)
Batting: RHB Patrick Rivera 0-0: Swinging Strike
0-1: Ball
1-1: Grounds into double play, 1-4-3 (Groundball, 15S, EV 68.1 MPH)
Top of the 2nd over - 0 runs, 1 hit, 0 errors, 0 left on base; Westwood 1 - Akron 1
BOTTOM OF THE 2ND
Akron Blimps batting - Pitching for Westwood Sixshooters : RHP Raúl Reyes
Batting: SHB Salvador Berrocal 0-0: Ball
1-0: Called Strike
1-1: Foul Ball, location: 2F
1-2: Strikes out looking
Batting: RHB Hun-hyeon Kang 0-0: Called Strike
0-1: Ball
1-1: Foul Ball, location: 2F
1-2: Strikes out looking
Batting: LHB Mike Fisher 0-0: Called Strike
0-1: Foul Ball, location: 2F
0-2: Ball
1-2: SOLO HOME RUN (Flyball, 7D, EV 95.0 MPH), Distance : 355 ft
Batting: LHB Steve Chittick 0-0: Ball
1-0: Ball
2-0: Called Strike
2-1: Ball
3-1: Foul Ball, location: 2F
3-2: SOLO HOME RUN (Flyball, 9D, EV 96.2 MPH), Distance : 375 ft
Batting: RHB Alohinani Puanani 0-0: Called Strike
0-1: Ball
1-1: Swinging Strike
1-2: Strikes out swinging
Bottom of the 2nd over - 2 runs, 2 hits, 0 errors, 0 left on base; Westwood 1 - Akron 3
TOP OF THE 3RD
Westwood Sixshooters batting - Pitching for Akron Blimps : RHP Leonardo Sánchez
Batting: LHB Derek Kelly 0-0: Ball
1-0: Ball
2-0: Foul Ball, location: 2F
2-1: Swinging Strike
2-2: Foul Ball, location: 2F
2-2: SINGLE (Groundball, 56D, EV 100.6 MPH)
Batting: SHB William Anderson 0-0: Called Strike
0-1: Ball
1-1: Ball
2-1: Ball
3-1: Foul Ball, location: 2F
3-2: Base on Balls
Derek Kelly to second
Batting: RHB Illarion Podmarkov 0-0: Called Strike
0-1: Ball
1-1: Foul Ball, location: 2F
1-2: Grounds into double play, 2-6-3 (Groundball, 13S, EV 63.8 MPH)
Derek Kelly to third
Batting: LHB Rick Kirkham 0-0: Ball
1-0: 2-RUN HOME RUN (Flyball, 89XD, EV 95.0 MPH), Distance : 393 ft
Batting: LHB Luis Benítez 0-0: Ground out 4-3 (Groundball, 4, EV 88.1 MPH)
Top of the 3rd over - 2 runs, 2 hits, 0 errors, 0 left on base; Westwood 3 - Akron 3
BOTTOM OF THE 3RD
Akron Blimps batting - Pitching for Westwood Sixshooters : RHP Raúl Reyes
Batting: RHB Jeff Camp 0-0: Foul Ball, location: 2F
0-1: Foul Ball, location: 2F
0-2: Ball
1-2: Ball
2-2: Strikes out looking
Batting: LHB Numberto Pencíl 0-0: Ball
1-0: Ball
2-0: Called Strike
2-1: Foul Ball, location: 2F
2-2: Fly out, F9 (Flyball, 9LS, EV 77.5 MPH)
Batting: LHB Octávio Obezo 0-0: Ball
1-0: Called Strike
1-1: Foul Ball, location: 2F
1-2: SINGLE (Groundball, 34D, EV 97.5 MPH)
Batting: RHB Dave Hill 0-0: Ball
1-0: Ground out 3-1 (Groundball, 3, EV 87.5 MPH)
Bottom of the 3rd over - 0 runs, 1 hit, 0 errors, 1 left on base; Westwood 3 - Akron 3
TOP OF THE 4TH
Westwood Sixshooters batting - Pitching for Akron Blimps : RHP Leonardo Sánchez
Batting: RHB Slavik Akentiev 0-0: Ball
1-0: Called Strike
1-1: Ball
2-1: Ball
3-1: Fly out, F7 (Flyball, 7D, EV 86.2 MPH)
Batting: RHB John Siddall 0-0: Ball
1-0: Fly out, F7 (Flyball, 78D, EV 105.6 MPH)
Batting: RHB Hisashi Koumura 0-0: Called Strike
0-1: Called Strike
0-2: Strikes out swinging
Top of the 4th over - 0 runs, 0 hits, 0 errors, 0 left on base; Westwood 3 - Akron 3
BOTTOM OF THE 4TH
Akron Blimps batting - Pitching for Westwood Sixshooters : RHP Raúl Reyes
Batting: SHB Salvador Berrocal 0-0: Ball
1-0: Ball
2-0: Called Strike
2-1: Foul Ball, location: 2F
2-2: Strikes out swinging
Batting: RHB Hun-hyeon Kang 0-0: Fly out, F9 (Flyball, 9S, EV 85.6 MPH)
Pitching: RHP Júlio Rosales
Batting: LHB Mike Fisher 0-0: Foul Ball, location: 2F
0-1: SINGLE (Groundball, P, EV 66.2 MPH) (infield hit)
Batting: LHB Steve Chittick 0-0: Ball
1-0: SINGLE (Line Drive, 9S, EV 100.6 MPH)
Mike Fisher to second
Runner from 2nd tries for 3rd, SAFE, no throw by RF
Batting: RHB Alohinani Puanani 0-0: Ball
1-0: Ball
2-0: Ball
Balk!
Mike Fisher scores
Steve Chittick to second
3-0: Base on Balls
Batting: RHB Jeff Camp 0-0: Ball
1-0: Ball
2-0: Called Strike
2-1: Ball
3-1: Fielders Choice at 2nd, 6-4 (Groundball, 6, EV 84.4 MPH)
Bottom of the 4th over - 1 run, 2 hits, 0 errors, 2 left on base; Westwood 3 - Akron 4
TOP OF THE 5TH
Westwood Sixshooters batting - Pitching for Akron Blimps : RHP Leonardo Sánchez
Batting: RHB Patrick Rivera 0-0: Called Strike
0-1: Ball
1-1: Ball
2-1: Called Strike
2-2: Strikes out swinging
Batting: LHB Derek Kelly 0-0: Ball
1-0: Fly out, F9 (Flyball, 9LS, EV 73.8 MPH)
Batting: SHB William Anderson 0-0: Ball
1-0: Called Strike
1-1: Called Strike
1-2: Ball
2-2: Ball
3-2: DOUBLE (Line Drive, 7LM, EV 103.8 MPH)
Batting: RHB Illarion Podmarkov 0-0: Ball
1-0: Foul Ball, location: 2F
1-1: Ball
2-1: Ball
3-1: Ground out 3-1 (Groundball, 34, EV 98.8 MPH)
Top of the 5th over - 0 runs, 1 hit, 0 errors, 1 left on base; Westwood 3 - Akron 4
BOTTOM OF THE 5TH
Akron Blimps batting - Pitching for Westwood Sixshooters : RHP Júlio Rosales
Batting: LHB Numberto Pencíl 0-0: Called Strike
0-1: Ball
1-1: Ball
2-1: Foul Ball, location: 2F
2-2: Strikes out looking
Batting: LHB Octávio Obezo 0-0: Foul Ball, location: 2F
0-1: Ball
1-1: Ground out 4-3 (Groundball, 4M, EV 104.4 MPH)
Batting: RHB Dave Hill 0-0: Foul Ball, location: 2F
0-1: Ball
1-1: Foul Ball, location: 2F
1-2: Ball
2-2: Foul Ball, location: 2F
2-2: Fly out, F7 (Line Drive, 7D, EV 93.8 MPH)
Bottom of the 5th over - 0 runs, 0 hits, 0 errors, 0 left on base; Westwood 3 - Akron 4
TOP OF THE 6TH
Westwood Sixshooters batting - Pitching for Akron Blimps : RHP Leonardo Sánchez
Batting: LHB Rick Kirkham 0-0: Ball
1-0: Ball
2-0: Ball
3-0: Base on Balls
Batting: LHB Luis Benítez 0-0: Ball
1-0: SINGLE (Flyball, 7LM, EV 94.4 MPH)
Rick Kirkham to second
Batting: RHB Slavik Akentiev 0-0: Grounds into double play, 3-6-1 (Groundball, 3, EV 92.5 MPH)
Rick Kirkham to third
Batting: RHB John Siddall 0-0: Ball
1-0: Ball
2-0: Ball
3-0: Called Strike
3-1: Foul Ball, location: 2F
3-2: Foul Ball, location: 2F
3-2: Foul Ball, location: 2F
3-2: Base on Balls
Pitching: RHP Oakland Scanlan
Batting: RHB Hisashi Koumura 0-0: Ball
1-0: Ball
2-0: Ball
3-0: Foul Ball, location: 2F
3-1: Called Strike
3-2: Base on Balls
John Siddall to second
Batting: RHB Patrick Rivera 0-0: Called Strike
0-1: Called Strike
0-2: SINGLE (Flyball, 9S, EV 91.9 MPH)
Rick Kirkham scores
John Siddall to third
Hisashi Koumura to second
Runner from 3rd tries for Home, SAFE, throw by RF to home
Batting: LHB Derek Kelly 0-0: Ball
Hisashi Koumura steals 3rd base
1-0: Ball
2-0: Ball
3-0: Called Strike
3-1: Base on Balls
Patrick Rivera to second
Batting: SHB William Anderson 0-0: Ball
1-0: Ball
2-0: Foul Ball, location: 2F
2-1: Foul Ball, location: 2F
2-2: Ball
3-2: Base on Balls
Hisashi Koumura scores
Patrick Rivera to third
Derek Kelly to second
Batting: RHB Illarion Podmarkov 0-0: Called Strike
0-1: SINGLE (Groundball, 4MD, EV 105.6 MPH)
Patrick Rivera scores
Derek Kelly to third
William Anderson to second
Runner from 3rd tries for Home, SAFE, no throw by CF
Pitching: RHP Hyeon-uk Sa
Batting: LHB Rick Kirkham 0-0: Foul Ball, location: 2F
0-1: Ball
1-1: Ground out 4-3 (Groundball, 4D, EV 100.6 MPH)
Top of the 6th over - 5 runs, 3 hits, 0 errors, 2 left on base; Westwood 8 - Akron 4
BOTTOM OF THE 6TH
Akron Blimps batting - Pitching for Westwood Sixshooters : RHP Júlio Rosales
Batting: SHB Salvador Berrocal 0-0: Ground out 5-3 (Groundball, 56, EV 86.2 MPH)
Batting: RHB Hun-hyeon Kang 0-0: Swinging Strike
0-1: Ball
1-1: Swinging Strike
1-2: Fly out, F9 (Flyball, 89S, EV 85.6 MPH)
Batting: LHB Mike Fisher 0-0: Ball
1-0: Called Strike
1-1: Foul Ball, location: 2F
1-2: Fly out, F7 (Flyball, 7LS, EV 88.1 MPH)
Bottom of the 6th over - 0 runs, 0 hits, 0 errors, 0 left on base; Westwood 8 - Akron 4
TOP OF THE 7TH
Westwood Sixshooters batting - Pitching for Akron Blimps : RHP Hyeon-uk Sa
Batting: LHB Luis Benítez 0-0: Foul Ball, location: 2F
0-1: Ball
1-1: Foul Ball, location: 2F
1-2: Strikes out swinging
Batting: RHB Slavik Akentiev 0-0: Called Strike
0-1: Called Strike
0-2: Strikes out swinging
Batting: RHB John Siddall 0-0: SINGLE (Line Drive, 4MD, EV 107.5 MPH)
Batting: RHB Hisashi Koumura 0-0: Foul Ball, location: 2F
0-1: Foul Ball, location: 2F
0-2: SINGLE (Line Drive, 9S, EV 102.5 MPH)
John Siddall to second
Batting: RHB Patrick Rivera 0-0: Foul Ball, location: 2F
0-1: Foul Ball, location: 2F
0-2: Ball
1-2: Ball
2-2: Strikes out swinging
Top of the 7th over - 0 runs, 2 hits, 0 errors, 2 left on base; Westwood 8 - Akron 4
BOTTOM OF THE 7TH
Akron Blimps batting - Pitching for Westwood Sixshooters : RHP Júlio Rosales
Batting: LHB Steve Chittick 0-0: Ball
1-0: Foul Ball, location: 2F
1-1: Swinging Strike
1-2: Strikes out swinging
Batting: RHB Alohinani Puanani 0-0: Ball
1-0: Called Strike
1-1: Ball
2-1: Ball
3-1: Foul Ball, location: 2F
3-2: SINGLE (Line Drive, 6D, EV 95.0 MPH)
Pitching: RHP Tynan Brown
Batting: RHB Jeff Camp 0-0: Ball
1-0: Ball
2-0: Fly out, F5 (Popup, 56S, EV 82.5 MPH)
Batting: LHB Numberto Pencíl 0-0: Foul Ball, location: 2F
0-1: Foul Ball, location: 2F
0-2: Strikes out looking
Bottom of the 7th over - 0 runs, 1 hit, 0 errors, 1 left on base; Westwood 8 - Akron 4
TOP OF THE 8TH
Westwood Sixshooters batting - Pitching for Akron Blimps : RHP Hyeon-uk Sa
Batting: LHB Derek Kelly 0-0: Called Strike
0-1: Foul Ball, location: 2F
0-2: Ball
1-2: Fly out, F8 (Flyball, 78M, EV 90.0 MPH)
Batting: SHB William Anderson 0-0: Swinging Strike
0-1: Ball
1-1: Called Strike
1-2: Foul Ball, location: 2F
1-2: Ball
2-2: Strikes out swinging
Batting: RHB Illarion Podmarkov 0-0: Foul Ball, location: 2F
0-1: Ball
1-1: Ball
2-1: Ball
3-1: Swinging Strike
3-2: Strikes out swinging
Top of the 8th over - 0 runs, 0 hits, 0 errors, 0 left on base; Westwood 8 - Akron 4
BOTTOM OF THE 8TH
Akron Blimps batting - Pitching for Westwood Sixshooters : RHP Tynan Brown
Batting: LHB Octávio Obezo 0-0: Swinging Strike
0-1: Ground out 4-3 (Groundball, 34D, EV 106.9 MPH)
Batting: RHB Dave Hill 0-0: Fly out, F8 (Flyball, 89D, EV 108.8 MPH)
Batting: SHB Salvador Berrocal 0-0: Ball
1-0: Called Strike
1-1: Ball
2-1: Ground out 5-3 (Groundball, 5, EV 85.0 MPH)
Bottom of the 8th over - 0 runs, 0 hits, 0 errors, 0 left on base; Westwood 8 - Akron 4
TOP OF THE 9TH
Westwood Sixshooters batting - Pitching for Akron Blimps : RHP Hyeon-uk Sa
Pitching: RHP Gypsyamber D'Souza
Batting: LHB Rick Kirkham 0-0: DOUBLE (Line Drive, 8LXD, EV 106.9 MPH)
Batting: LHB Luis Benítez 0-0: Foul Ball, location: 2F
0-1: Called Strike
0-2: Strikes out swinging
Batting: RHB Slavik Akentiev 0-0: Ball
1-0: Ball
2-0: Fly out, F8 (Line Drive, 8RD, EV 107.5 MPH)
Batting: RHB John Siddall 0-0: Called Strike
0-1: Foul Ball, location: 2F
0-2: Ground out 6-3 (Groundball, 6S, EV 85.0 MPH)
Top of the 9th over - 0 runs, 1 hit, 0 errors, 1 left on base; Westwood 8 - Akron 4
BOTTOM OF THE 9TH
Akron Blimps batting - Pitching for Westwood Sixshooters : RHP Tynan Brown
Pitching: RHP Manny Rodríguez
Batting: RHB Hun-hyeon Kang 0-0: Ball
1-0: Ball
2-0: Ground out 6-3 (Groundball, 56, EV 101.9 MPH)
Batting: LHB Mike Fisher 0-0: Ball
1-0: TRIPLE (Line Drive, 9D, EV 105.0 MPH)
Batting: LHB Steve Chittick 0-0: Ball
1-0: Foul Ball, location: 2F
1-1: Ground out 2-3 (Groundball, 13S, EV 66.2 MPH)
Batting: RHB Alohinani Puanani 0-0: Ball
1-0: Ball
2-0: SINGLE (Line Drive, 5D, EV 96.9 MPH)
Mike Fisher scores
Batting: RHB Jeff Camp 0-0: Ball
1-0: Ball
2-0: DOUBLE (Line Drive, 9LD, EV 111.9 MPH)
Alohinani Puanani to third
Batting: LHB Numberto Pencíl 0-0: DOUBLE (Line Drive, 8LXD, EV 103.8 MPH)
Alohinani Puanani scores
Jeff Camp scores
Batting: LHB Octávio Obezo 0-0: Fly out, F7 (Line Drive, 7D, EV 91.9 MPH)
Bottom of the 9th over - 3 runs, 4 hits, 0 errors, 1 left on base; Westwood 8 - Akron 7
Friday, March 26th, 2021 - OOTP Baseball 20.8 Build 74